 Dungeon Crawl Stone Soup version 0.14-a0-2162-g062a2ce (webtiles) character file.

283 MirrMurr the Sneak (level 5, -8/24 HPs)
             Began as a Spriggan Enchanter on Jan 28, 2014.
             Killed by divine providence
             ... invoked by an orc priest
              (14 damage)
             ... on Level 3 of the Dungeon.
             The game lasted 00:08:58 (2548 turns).

MirrMurr the Sneak (Spriggan Enchanter)             Turns: 2548, Time: 00:08:58

HP  -8/24        AC  3     Str  5      XL: 5   Next: 56%
MP  14/14        EV 18     Int 17      God:
Gold 73          SH  0     Dex 16      Spells:  3 memorised,  3 levels left

rFire  . . .     SeeInvis +     a - +1 dagger
rCold  . . .     Clarity  .     b - +1 robe
rNeg   . . .     Conserve .     (shield restricted)
rPois  .         rCorr    .     (helmet restricted)
rElec  .         rRot     .     (no cloak)
SustAb . .       Spirit   .     (gloves unavailable)
rMut   .         Warding  .     (boots unavailable)
Saprov . . .     Stasis   .     (no amulet)
MR     .....                    (no ring)
                                (no ring)

@: very quick, not resistant to hostile enchantments, very stealthy
A: unfitting armour, see invisible, herbivore 3, speed 3, slow metabolism 2
a: no special abilities


You were on level 3 of the Dungeon.
You were very full.

You visited 1 branch of the dungeon, and saw 3 of its levels.

You collected 73 gold pieces.

Inventory:

Hand weapons
 a - a +1,+1 dagger (weapon)
 l - a cursed -1,-3 dagger
 t - a +2,+1 dagger of venom
Missiles
 d - 11 darts (quivered)
 g - 35 stones
 r - 11 sling bullets of flame
Armour
 b - a +1 robe (worn)
Magical devices
 s - a wand of digging (8)
Comestibles
 o - a rambutan
 u - a lychee
Scrolls
 i - a scroll of identify
 k - a scroll of magic mapping {unknown}
 m - 2 scrolls of enchant weapon I
 n - a scroll of remove curse {unknown}
 p - a scroll of teleportation {unknown}
 v - a scroll of curse weapon {unknown}
Potions
 e - a potion of porridge
 f - 2 potions of curing
 h - a potion of resistance
 j - 2 potions of heal wounds
 q - a potion of lignification {unknown}
Books
 c - a book of Maledictions

   Spells                             Type                      Level
   *Corona                            Hexes                        1
   Sure Blade                         Hexes/Charms                 2
   *Ensorcelled Hibernation           Hexes/Ice                    2
   *Confuse                           Hexes                        3
   Enslavement                        Hexes                        4
   Invisibility                       Hexes                        6


   Skills:
 + Level 3.5 Short Blades
 - Level 1.1 Throwing
 - Level 3.0 Dodging
 + Level 7.7 Stealth
 - Level 2.6 Spellcasting
 - Level 3.6 Hexes


You had 3 spell levels left.
You knew the following spells:

 Your Spells              Type           Power        Failure   Level  Hunger
a - Ensorcelled Hibernat  Hex/Ice        #.....       17%         2    ##.....
b - Confuse               Hex            ##......     14%         3    ###....
Z - Corona                Hex            ##.....      4%          1    #......


Dungeon Overview and Level Annotations

Branches:
Dungeon (3/16)

Altars:

Annotations:
D:1 cure mut


Innate Abilities, Weirdness & Mutations

You are tiny and cannot use many weapons and most armour.
You have supernaturally acute eyesight.
You are a herbivore.
You cover ground extremely quickly.
You need consume almost no food.


Message History

Found a robe.
Found a stone staircase leading down.
An orc comes into view. It is wielding an orcish dagger.
There is an escape hatch in the ceiling here.
An orc wizard comes into view. It is wielding an orcish dagger.
You see here a robe.
A hobgoblin and an orc priest come into view.
The orc priest shouts!
The orc wizard shouts!
The hobgoblin shouts!
The orc priest glows brightly for a moment.
The orc hits you with an orcish dagger.
You completely miss the orc.
The orc priest invokes the aid of Beogh against you.
Something smites you!
Ouch! That really hurt!
* * * LOW HITPOINT WARNING * * *
The orc misses you.
The orc priest invokes the aid of Beogh against you.
Something smites you!
Ouch! That really hurt!
You die...

#############################
..........[..@<...............
........oo......#..#####..##..
....##.o#####...#..# #..##..
#.. #...#..# #..##.. #.o
#...#..# #..##.. #.g #.>.#..#
#..##.. #.. #...#..# #..##..
#.. #...#..# #..##.. #..
#...#..# #..##).


You could see an orc priest, an orc wizard and an orc.

Vanquished Creatures
  A centaur (D:1)
  Ijyb (D:2)
  5 adders (D:2)
  2 worms
  3 giant geckos
  2 oozes
  3 giant cockroaches (D:1)
  5 hobgoblins
  9 kobolds
  4 bats
  3 giant newts
  8 goblins
  3 quokkas
  7 rats
56 creatures vanquished.

Notes
Turn   | Place    | Note
--------------------------------------------------------------
     0 | D:1      | MirrMurr, the Spriggan Enchanter, began the quest for the Orb.
     0 | D:1      | Reached XP level 1. HP: 9/9 MP: 4/4
   220 | D:1      | Reached skill level 4 in Stealth
   370 | D:1      | Reached XP level 2. HP: 13/13 MP: 7/7
   393 | D:1      | Learned a level 2 spell: Ensorcelled Hibernation
   780 | D:1      | Reached skill level 5 in Stealth
  1027 | D:1      | Reached XP level 3. HP: 16/16 MP: 9/9
  1032 | D:1      | Learned a level 3 spell: Confuse
  1360 | D:2      | Noticed Ijyb
  1417 | D:2      | Killed Ijyb
  1417 | D:2      | Reached skill level 6 in Stealth
  1605 | D:2      | Reached XP level 4. HP: 14/21 MP: 9/12
  2197 | D:1      | Noticed a centaur
  2210 | D:1      | Killed a centaur
  2210 | D:1      | Reached skill level 7 in Stealth
  2210 | D:1      | Reached XP level 5. HP: 21/24 MP: 8/14
  2548 | D:3      | Killed from afar by an orc priest

Action                   |  1- 3 |  4- 6 || total
-------------------------+-------+-------++-------
Melee: Dagger            |   151 |    67 ||   218
Throw: Dart              |     4 |       ||     4
 Cast: Corona            |     2 |       ||     2
       Ensorcelled Hiber |     5 |    10 ||    15
       Confuse           |     2 |       ||     2
Evoke: Wand              |       |     2 ||     2
  Use: Scroll            |     2 |       ||     2
       Potion            |     1 |       ||     1
 Stab: Sleeping          |     8 |    12 ||    20
       Distracted        |     2 |       ||     2
       Confused          |     1 |       ||     1
